 Dungeon Crawl Stone Soup version 0.31-a0-4-gefa6de2278 (webtiles) character file.

Game seed: 1475791695915450497

1456 Anon1729 the Cleaver (level 8, -4/56 HPs)
             Began as a Minotaur Monk on May 3, 2023.
             Was a Believer of Qazlal.
             Killed from afar by a wretched star (33 damage)
             ... with a lance of force
             ... on level 1 of the Abyss.
             The game lasted 00:05:06 (5686 turns).

Anon1729 the Cleaver (Minotaur Monk)                Turns: 5686, Time: 00:05:06

Health: -4/56      AC: 15    Str: 19    XL:     8   Next: 47%
Magic:  16/16      EV:  9    Int: 10    God:    Qazlal [**....]
Gold:   214        SH:  2    Dex: 16    Spells: 7/7 levels left

rFire   + . .        u - +0 broad axe (vamp)
rCold   . . .        d - orb {light}
rNeg    . . .        s - +0 chain mail
rPois   .            (helmet restricted)
rElec   .            l - +1 cloak
rCorr   .            (no gloves)
SInv    .            B - +1 pair of boots
Will    .....        (no amulet) Stlth
                     j - ring of protection from fire
HPRegen 0.29/turn    C - ring of the Dripping Gods {Fly MP+9 Int+3 Dex+4}
MPRegen 0.15/turn

%: no passive effects
@: flying, hasted, glowing, very quick
A: horns 2, retaliatory headbutt, [frail 2]
a: Renounce Religion, Upheaval


You were on level 1 of the Abyss.
You worshipped Qazlal.
Qazlal was pleased with you.
You visited 2 branches of the dungeon, and saw 8 of its levels.
You visited the Abyss 1 time.

You collected 347 gold pieces.
You spent 133 gold pieces at shops.

Inventory:

Hand Weapons
 a - a +0 hand axe
 u - a +0 vampiric broad axe (weapon)
Missiles
 A - a throwing net (quivered)
Armour
 b - a +0 robe
 d - an orb of light (worn)
 k - a +0 kite shield
 l - a +1 cloak (worn)
 s - a +0 chain mail (worn)
 B - a +1 pair of boots (worn)
Jewellery
 j - a ring of protection from fire (left hand)
 w - a ring of see invisible
 y - a ring of ice
 C - the ring of the Dripping Gods (right hand) {Fly MP+9 Int+3 Dex+4}
   (You took it off an orc on level 5 of the Dungeon)

   [ring of magical power]

   Int:       It affects your intelligence (+3).
   Dex:       It affects your dexterity (+4).
   MP:        It affects your magic capacity (+9).
   Fly:       It grants you flight.
Scrolls
 f - 4 scrolls of fear
 g - 2 scrolls of teleportation {unknown}
 n - 2 scrolls of enchant armour
 o - a scroll of fog {unknown}
 p - a scroll of immolation {unknown}
 q - 2 scrolls of vulnerability
 t - 2 scrolls of identify {unknown}
 v - 2 scrolls of amnesia {unknown}
 F - 2 scrolls of magic mapping {unknown}
 I - a scroll of enchant weapon {unknown}
Potions
 c - 2 potions of ambrosia
 e - 2 potions of curing
 h - a potion of lignification {unknown}
 i - 2 potions of haste
 m - 2 potions of heal wounds {unknown}
 r - 6 potions of mutation {unknown}
 x - 4 potions of attraction {unknown}
 z - a potion of magic {unknown}
 D - a potion of flight {unknown}
 E - a potion of invisibility
 G - a potion of cancellation {unknown}
 H - a potion of brilliance {unknown}


   Skills:
 + Level 6.7 Fighting
 * Level 8.8 Axes
 * Level 7.6 Armour
 - Level 3.5 Dodging
 * Level 0.0 Invocations


You had 7 spell levels left.
You didn't know any spells.
Your spell library contained the following spells:

 Spells                   Type           Power      Damage    Failure   Level
 Apportation              Tloc           0%         N/A       95%         1
 Foxfire                  Conj/Fire      0%         2x1d4     95%         1
 Necrotise                Necr           0%         1d4       95%         1
 Sandblast                Erth           0%         2d4       95%         1
 Summon Small Mammal      Summ           0%         N/A       95%         1
 Passwall                 Tmut/Erth      0%         N/A       98%         2
 Poisonous Vapours        Pois/Air       0%         N/A       98%         2
 Dazzling Flash           Conj/Hex       0%         N/A       100%        3
 Mephitic Cloud           Conj/Pois/Air  0%         N/A       100%        3
 Stone Arrow              Conj/Erth      0%         3d7       100%        3
 Volatile Blastmotes      Fire/Tloc      0%         2d10      100%        3
 Iskenderun's Mystic Bla  Conj/Tloc      0%         2d3       100%        4
 Fireball                 Conj/Fire      0%         3d3       100%        5
 Freezing Cloud           Conj/Ice/Air   0%         6-21      100%        5
 Plasma Beam              Fire/Air       0%         2x1d11    100%        6
 Starburst                Conj/Fire      0%         6d3       100%        6


Dungeon Overview and Level Annotations

Branches:
Dungeon (7/15)             Temple (1/1) D:6

Altars:
Hepliaklqana
Qazlal
Sif Muna
Vehumet
The Shining One

Shops:
D:2 *(

Annotations:
D:6 3 runed translucent doors, AppleFox63's ghost, novice DEAE


Innate Abilities, Weirdness & Mutations

You have a pair of horns on your head.
You reflexively headbutt those who attack you in melee.
[You are very frail. (-20% HP)]


Message History

You slam into the crystal wall!
You slash the wretched star!
The wretched star is lightly damaged.
You hit the wretched star.
The wretched star is lightly damaged.
The wretched star glows turbulently.
The lance of force misses you.
You hit the wretched star but do no damage.
You headbutt the wretched star!
The wretched star is moderately damaged.
You barely miss the wretched star.
The wretched star is moderately damaged.
The wretched star glows turbulently.
The lance of force hits you!
You are knocked back by the lance of force.
You slam into the crystal wall!
You hit the wretched star.
The wretched star is moderately damaged.
The wretched star pulses with an eldritch light!
You feel frail. x2
You barely miss the wretched star.
The wretched star is moderately damaged.
The wretched star glows turbulently.
The lance of force misses you.
You hit the wretched star.
The wretched star is moderately damaged.
You hit the wretched star but do no damage.
The wretched star is moderately damaged.
The wretched star glows turbulently.
The lance of force hits you!
You are knocked back by the lance of force.
You slam into the crystal wall!
You slash the wretched star! You headbutt the wretched star!
The wretched star is heavily damaged.
You barely miss the wretched star. You headbutt the wretched star.
The wretched star is severely damaged.
The wretched star glows turbulently.
The lance of force hits you!!
Ouch! That really hurt!
You die...

. . #.# ##. . ...
#.##.##..
#...#.#.#
#.##..##..#
#####......... .
##...#...#.. ...#
.#.......#......##
......*@##### #.#
.........# #
..........#
............
..#...###.### .
#### .# .# .#


You could see a wretched star.

Vanquished Creatures
  4 ogres
  An ice beast (D:5)
  A sky beast (D:6)
  A centaur (D:6)
  2 bullfrogs
  A scorpion (D:6)
  A quasit (D:6)
  A jelly (D:7)
  2 orc priests
  A sleepcap (D:5)
  4 iguanas
  5 orc wizards
  5 gnolls
  6 adders
  2 shadow imps
  3 white imps (D:6)
  4 ufetubi
  4 worms
  25 orcs
  5 bats
  6 endoplasms
  2 giant cockroaches
  8 goblins
  5 hobgoblins
  5 quokkas
  7 ball pythons
  5 frilled lizards
  9 kobolds
  7 rats
132 creatures vanquished.

Vanquished Creatures (others)
  3 demonic plants (D:6)
  15 plants (D:3)
18 creatures vanquished.

Grand Total: 150 creatures vanquished

Notes
Turn   | Place    | Note
-------+----------+-------------------------------------------
     0 | D:1      | Anon1729 the Minotaur Monk began the quest for the Orb.
     0 | D:1      | Reached XP level 1. HP: 19/19 MP: 0/0
   237 | D:1      | Reached XP level 2. HP: 22/27 MP: 1/1
   396 | D:1      | Reached skill level 4 in Axes
   613 | D:1      | Reached skill level 1 in Armour
   613 | D:1      | Reached XP level 3. HP: 9/33 MP: 2/2
  1245 | D:2      | Found Ecweyghar's Antique Weapon Emporium.
  1353 | D:2      | Found Ibaal's General Store.
  1821 | D:2      | Reached XP level 4. HP: 40/40 MP: 3/3
  2484 | D:3      | Reached skill level 5 in Axes
  2493 | D:3      | Reached XP level 5. HP: 42/47 MP: 4/4
  3032 | D:2      | Bought a glowing broad axe for 133 gold pieces
  3220 | D:4      | Noticed an ogre
  3228 | D:4      | Killed an ogre
  3229 | D:4      | Reached skill level 5 in Fighting
  3229 | D:4      | Reached skill level 6 in Axes
  3229 | D:4      | Reached XP level 6. HP: 25/56 MP: 5/5
  3813 | D:5      | Entered Level 5 of the Dungeon
  3850 | D:5      | Noticed an ice beast
  3854 | D:5      | Killed an ice beast
  3855 | D:5      | Reached skill level 5 in Armour
  3855 | D:5      | Reached XP level 7. HP: 53/61 MP: 6/6
  3970 | D:5      | Reached skill level 7 in Axes
  4325 | D:5      | Identified the ring of the Dripping Gods {Fly MP+9 Int+3
                  | Dex+4}
  4955 | D:6      | Reached XP level 8. HP: 70/70 MP: 7/7
  4960 | D:6      | Identified the +7 giant spiked club "Zothub" {flame, rN++
                  | rCorr Str-5 Stlth+}
  5046 | D:6      | Found a staircase to the Ecumenical Temple.
  5051 | D:6      | Reached skill level 8 in Axes
  5183 | D:6      | Found a runed translucent gate.
  5184 | D:6      | Found a runed translucent gate.
  5185 | D:6      | Found a runed translucent gate.
  5299 | D:6      | Found a glowing golden altar of the Shining One.
  5501 | D:6      | Noticed AppleFox63's ghost (novice DEAE)
  5551 | Temple   | Entered the Ecumenical Temple
  5555 | Temple   | Became a worshipper of Qazlal Stormbringer
  5555 | Temple   | Reached * piety under Qazlal
  5555 | Temple   | Reached ** piety under Qazlal
  5642 | Abyss:1  | Cast into level 1 of the Abyss (gnoll)
  5652 | Abyss:1  | Found a corrupted altar of Lugonu.
  5672 | Abyss:1  | Noticed a wretched star
  5686 | Abyss:1  | Killed from afar by a wretched star

Illustrated notes

Levels and vault maps discovered:
D:1:      erik_arrival_cave_to_civilisation [erik_arrival_cave_to_hall],
          layout_loops_ring
D:2:      layout_loops_corners, serial_shops, nicolae_shop_advertising_works
          [nicolae_subvault_shop_adworks], shop
D:3:      layout_basic, grunt_decor_one_mirror, serial_bayou_lake_a
D:4:      layout_basic
D:5:      layout_gridville
D:6:      layout_basic, kennysheep_mini_moat, minmay_temple_entry_ruins,
          gammafunk_ghost_icy, serial_demonic, serial_demonic_c,
          serial_demonic_g, serial_demonic_b, serial_demonic_f
D:7:      layout_gridville, gammafunk_ghost_stat_death
Temple:   nicolae_temple_the_god_donut
Abyss:1:  base:
D:2

Skill      XL: |  1  2  3  4  5  6  7  8 |
---------------+-------------------------+-----
Axes           | 4 5 6 7 8 |  8.8
Fighting       | 4 5 6 |  6.7
Armour         | 1 2 3 4 5 6 7 |  7.6
Dodging        | |  3.5

Action                     |  1- 3 |  4- 6 |  7- 9 || total
---------------------------+-------+-------+-------++-------
  Melee: Hand axe          |    76 |    41 |       ||   117
         Headbutt          |    18 |    17 |    25 ||    60
         Broad axe         |       |    40 |    98 ||   138
    Use: Scroll            |       |     3 |       ||     3
         Potion            |       |       |     2 ||     2
 Armour: Robe              |    11 |     1 |       ||    12
         Chain mail        |       |    32 |    59 ||    91
  Dodge: Dodged            |    47 |    47 |    47 ||   141
  Block: Orb               |       |       |     1 ||     1

Table legend: (Time is in decaauts)
 A = Elapsed time spent in this place.
 B = Non-inter-level travel time spent in this place.
 C = Inter-level travel time spent in this place.
 D = Time resting spent in this place.
 E = Time spent auto-exploring this place.
 F = Levels seen in this place.
 G = Mean time per level.
                   A        B        C        D        E       F      G
               +--------+--------+--------+--------+--------+-----+--------+
         Total |   5737 |   5382 |    355 |    116 |   4528 |   9 |  637.4 |
       Dungeon |   5686 |   5331 |    355 |    116 |   4528 |   7 |  812.3 |
        Temple |      8 |      8 |      0 |      0 |      0 |   1 |    8.0 |
         Abyss |     41 |     41 |      0 |      0 |      0 |   1 |   41.0 |
               +--------+--------+--------+--------+--------+-----+--------+

Top non-repeatable levels by time:
     D:1: 1199 daAuts
     D:2: 958 daAuts
     D:3: 937 daAuts
     D:6: 916 daAuts
     D:5: 879 daAuts
     D:4: 754 daAuts
     D:7: 41 daAuts
 Abyss:1: 41 daAuts
  Temple: 8 daAuts
